 Dungeon Crawl Stone Soup version 0.27.1-2-g3b301248ec (webtiles) character file.

Game seed: 928408850680674753

72 AZSletch the Skirmisher (level 4, -3/41 HPs)
             Began as a Minotaur Fighter on Oct 3, 2021.
             Slain by an iron imp (5 damage)
             ... summoned by Natasha
             ... on level 2 of the Dungeon.
             The game lasted 00:03:49 (1377 turns).

AZSletch the Skirmisher (Minotaur Fighter)          Turns: 1377, Time: 00:03:49

Health: -3/41      AC:  7    Str: 21    XL:     4   Next: 6%
Magic:  3/3        EV:  8    Int:  5    God:
Gold:   67         SH:  9    Dex: 10    Spells: 3/3 levels left

rFire    . . .     SeeInvis .   a - +0 war axe
rCold    . . .     Faith    .   c - +0 kite shield
rNeg     . . .     Spirit   .   b - +0 scale mail
rPois    .         Reflect  .   (helmet restricted)
rElec    .         Harm     .   i - scarf {shadows}
rCorr    .         Rampage  .   (no gloves)
Will     .....                  (no boots)
Stlth    ..........             (no amulet)
HPRegen  0.13/turn              (no ring)
MPRegen  0.08/turn              (no ring)

@: slowed, very slow
A: horns 2, retaliatory headbutt
a: no special abilities


You were on level 2 of the Dungeon.
You visited 1 branch of the dungeon, and saw 2 of its levels.

You collected 67 gold pieces.

Inventory:

Hand Weapons
 a - a +0 war axe (weapon)
 f - a +0 hunting sling
Armour
 b - a +0 scale mail (worn)
 c - a +0 kite shield (worn)
 i - a scarf of shadows (worn)
Wands
 h - a wand of acid (10)
Scrolls
 e - a scroll of identify {unknown}
 g - a scroll of fear {unknown}
 l - a scroll of immolation {unknown}
 m - a scroll of teleportation {unknown}
Potions
 d - a potion of might
 j - 2 potions of curing {unknown}
 k - a potion of magic {unknown}
 n - a potion of brilliance {unknown}


   Skills:
 * Level 4.6 Fighting
 + Level 3.1 Axes
 + Level 4.1 Armour
 + Level 1.3 Dodging
 + Level 4.1 Shields


You had 3 spell levels left.
You didn't know any spells.
Your spell library was empty.

Dungeon Overview and Level Annotations

Branches:
Dungeon (2/15)

Altars:

Shops:
D:2 *

Annotations:
D:2 Natasha


Innate Abilities, Weirdness & Mutations

You have a pair of horns on your head.
You reflexively headbutt those who attack you in melee.


Message History

The hobgoblin closely misses you. Natasha casts a spell at you.
You feel yourself slow down. The hobgoblin hits you. Natasha claws you.
You hit Natasha.
Natasha is moderately wounded.
You hit the hobgoblin. The hobgoblin closely misses you.
Natasha howls an incantation.
Natasha glows brightly for a moment.
Natasha claws you. You block the hobgoblin's attack. Natasha barely misses you.
You slash Natasha!
Natasha is severely wounded.
Your shield prevents you from hitting the hobgoblin.
You block the hobgoblin's attack. Natasha casts a spell at you.
The magic dart hits you. You block the hobgoblin's attack.
Natasha mumbles some strange words.
You closely miss Natasha. Your headbutt misses Natasha.
Natasha is severely wounded.
Your shield and scale mail prevent you from hitting the crimson imp.
You closely miss the hobgoblin. You block the hobgoblin's attack.
Natasha claws you but does no damage. The crimson imp barely misses you.
You block the hobgoblin's attack. Natasha claws you.
* * * LOW HITPOINT WARNING * * *
You block the crimson imp's attack. The hobgoblin barely misses you.
Natasha mumbles some strange words.
You hit Natasha but do no damage.
Natasha is severely wounded.
You hit the hobgoblin.
Your shield prevents you from hitting the crimson imp.
You hit the iron imp. The crimson imp hits you.
* * * LOW HITPOINT WARNING * * *
The hobgoblin barely misses you.
Natasha stares at you and mumbles some strange words.
You feel as though you will be slow longer.
The iron imp hits you!
* * * LOW HITPOINT WARNING * * *
The crimson imp blinks!
The hobgoblin completely misses you.
Natasha mumbles some strange words.
The iron imp hits you.
You die...

...........# ....
#####.....># ######....
.........#.#####.........
######.#.................
#........#####.......##
#.##...................
#.#.......#####.#.#####
#.#..........ยง#g#.#
#.###........5@h#..
#.#.....5....5#####.
###.###.........# ..
..#.......#################.#
#.#>..#.....................#
......#........####....####
..#..##......#..#.........#
..#...#......####.#....##.#
..#...#.#.<........######.#


You could see 2 iron imps, Natasha, a crimson imp (summoned) and a hobgoblin.

Vanquished Creatures
  An iguana (D:2)
  A gnoll (D:1)
  An adder (D:2)
  2 ball pythons (D:1)
  2 bats (D:1)
  5 endoplasms
  A giant cockroach (D:1)
  3 goblins
  3 hobgoblins
  A quokka (D:1)
  2 frilled lizards
  5 rats
27 creatures vanquished.

Notes
Turn   | Place    | Note
-------+----------+-------------------------------------------
     0 | D:1      | AZSletch the Minotaur Fighter began the quest for the Orb.
     0 | D:1      | Reached XP level 1. HP: 19/19 MP: 0/0
   190 | D:1      | You fall into a shaft and drop 1 floor!
   256 | D:1      | You fall into a shaft and drop 1 floor!
   282 | D:2      | Found Pejoasocu's Assorted Antiques.
   336 | D:2      | Reached XP level 2. HP: 27/27 MP: 1/1
   365 | D:2      | Reached skill level 1 in Dodging
   365 | D:2      | Reached XP level 3. HP: 27/33 MP: 2/2
  1142 | D:2      | Reached XP level 4. HP: 24/41 MP: 3/3
  1362 | D:2      | Noticed Natasha
  1377 | D:2      | HP: 2/41 [iron imp[Natasha] (7)]
  1377 | D:2      | Slain by an iron imp

Illustrated notes

Levels and vault maps discovered:
D:1:      heliophobic_arrival_enchanted_forest, layout_rooms
D:2:      layout_basic, serial_shops, nicolae_shop_overgrown_old_shop,
          uniq_natasha

Skill      XL: |  1  2  3 |
---------------+----------+-----
Fighting       | 4 |  4.6
Dodging        | 1 |  1.3
Armour         | 4 |  4.1
Shields        | 4 |  4.1
Axes           | 3 |  3.1

Action                   |  1- 3 |  4- 6 || total
-------------------------+-------+-------++-------
Melee: War axe           |    56 |     9 ||    65
       Headbutt          |    11 |       ||    11
Armor: Scale mail        |    17 |     3 ||    20
Dodge: Dodged            |    13 |     7 ||    20
Block: Kite shield       |    27 |     9 ||    36
